 Dungeon Crawl Stone Soup version 0.29.0-11-gd7f09526c8 (webtiles) character file.

Game seed: 3931085121569153323

79 Frenzy the Slasher (level 4, -2/40 HPs)
             Began as a Draconian Berserker on Sept 5, 2022.
             Was a Believer of Trog.
             Slain by a gnoll
             ... wielding a +0 whip
              (7 damage)
             ... on level 2 of the Dungeon on Sept 6, 2022.
             The game lasted 00:08:53 (1090 turns).

Frenzy the Slasher (Draconian Berserker)            Turns: 1090, Time: 00:08:53

Health: -2/40      AC:  5    Str: 21    XL:     4   Next: 17%
Magic:  4/4        EV: 12    Int:  7    God:    Trog [**....]
Gold:   105        SH:  0    Dex: 11    Spells: 3/3 levels left

rFire   . . .      SeeInvis .   a - +0 falchion
rCold   . . .      Faith    .   (no shield)
rNeg    . . .      Spirit   .   (body armour unavailable)
rPois   .          Reflect  .   (helmet restricted)
rElec   .          Harm     .   (no cloak)
rCorr   .          Rampage  .   (no gloves)
Will    .....                   (no boots)
Stlth   +.........              (no amulet)
HPRegen 0.13/turn               (no ring)
MPRegen 0.09/turn               (no ring)

@: no status effects
A: AC +5, unfitting armour, cold-blooded
a: Renounce Religion, Berserk, Trog's Hand


You were on level 2 of the Dungeon.
You worshipped Trog.
Trog was pleased with you.
You visited 1 branch of the dungeon, and saw 2 of its levels.

You collected 105 gold pieces.

Inventory:

Hand Weapons
 a - a +0 falchion (weapon)
Armour
 b - a +0 ring mail
 d - a +0 helmet
 i - a +0 ring mail
Jewellery
 h - a ring of fire
Scrolls
 e - a scroll of identify {unknown}
 g - a scroll of amnesia {unknown}
Potions
 c - a potion of berserk rage {unknown}
 f - 2 potions of heal wounds {unknown}


   Skills:
 + Level 4.1 Fighting
 * Level 4.2 Long Blades
 + Level 3.0 Dodging


You had 3 spell levels left.
You didn't know any spells.
Your spell library was empty.

Dungeon Overview and Level Annotations

Branches:
Dungeon (2/15)

Altars:


Innate Abilities, Weirdness & Mutations

Your plain brown scales are hard. (AC +5)
You cannot fit into any form of body armour.
You are cold-blooded and may be slowed by cold attacks.


Message History

Found 13 gold pieces.
Found an escape hatch in the floor.
You see here a +0 ring mail.
You now have 92 gold pieces (gained 7).
You see here a +0 ring mail.
i - a +0 ring mail You now have 105 gold pieces (gained 13).
HP restored. 2 gnolls and an endoplasm come into view.
Found 16 gold pieces.
The gnoll shouts! x2
A gnoll comes into view. It is wielding a +0 flail.
A gnoll comes into view. It is wielding a +0 halberd.
The gnoll shouts! x2
The endoplasm quivers.
The gnoll barely misses you. The endoplasm completely misses you.
You barely miss the gnoll. You tail-slap the gnoll.
The gnoll is lightly wounded.
The gnoll hits you with a +0 whip. The endoplasm barely misses you.
The gnoll completely misses you.
You closely miss the gnoll.
The gnoll is lightly wounded.
The gnoll hits you with a +0 whip! The endoplasm barely misses you.
The gnoll closely misses you. The gnoll misses you.
You hit the gnoll but do no damage. The gnoll barely misses you.
The endoplasm freezes you.
You are frozen.
You feel yourself slow down. The gnoll closely misses you. x2
The gnoll hits you with a +0 club. The gnoll attacks as you move away!
The gnoll closely misses you.
The gnoll hits you from afar with a +0 halberd.
The endoplasm attacks as you move away! The endoplasm closely misses you.
The gnoll attacks as you move away! The gnoll hits you with a +0 whip!
* * * LOW HITPOINT WARNING * * *
The gnoll hits you with a +0 whip.
* * * LOW HITPOINT WARNING * * *
You hit the gnoll.
The gnoll is heavily wounded.
You feel yourself speed up. The gnoll hits you with a +0 whip!
You die...

.......#.# ########## #...
....$....# #........# #...
.........# #........# #...
.......# #........####...
##....######............
####.....##>........#######
.........##.#.......# #...
.####..gg##.#.......# #.##
#...Jg@.#.......# #.#
#########.......####.#
#............#
#.....######## #.....#
#.....# #.....# #.....#
##.####


You could see 3 gnolls and an endoplasm.

Vanquished Creatures
  A hound (D:2)
  6 bats
  4 endoplasms
  3 giant cockroaches
  5 goblins
  5 hobgoblins
  4 jackals (D:1)
  2 kobolds (D:2)
  3 quokkas
  4 ball pythons
  4 frilled lizards
  3 rats (D:1)
44 creatures vanquished.

Notes
Turn   | Place    | Note
-------+----------+-------------------------------------------
     0 | D:1      | Frenzy the Draconian Berserker began the quest for the Orb.
     0 | D:1      | Reached XP level 1. HP: 19/19 MP: 1/1
    93 | D:1      | Reached XP level 2. HP: 24/26 MP: 2/2
   319 | D:1      | Reached ** piety under Trog
   393 | D:1      | Reached XP level 3. HP: 15/31 MP: 3/3
   837 | D:2      | Reached XP level 4. HP: 31/40 MP: 4/4
   988 | D:2      | Found a faded altar of an unknown god.
  1090 | D:2      | Slain by a gnoll

Illustrated notes

Levels and vault maps discovered:
D:1:      spicycebolla_arrival_risky_transporter, layout_basic, minmay_cut_off
D:2:      layout_basic, hellmonk_ecumenical_altar_heavens_door,
          minmay_indecisive_spiral

Skill      XL: |  1  2  3 |
---------------+----------+-----
Dodging        | 3 |  3.0
Fighting       | 4 |  4.1
Long Blades    | 4 |  4.2

Action                   |  1- 3 |  4- 6 || total
-------------------------+-------+-------++-------
Melee: Falchion          |   118 |    14 ||   132
       Tailslap          |     9 |     4 ||    13
Invok: Berserk           |     1 |       ||     1
  Use: Scroll            |     1 |       ||     1
       Potion            |     1 |       ||     1
 Stab: Invisible         |     1 |       ||     1
Armor: Skin              |    42 |     6 ||    48
Dodge: Dodged            |   123 |    17 ||   140
